 Dungeon Crawl Stone Soup version 0.31-a0-981-geadf994542 (webtiles) character file.

Game seed: 584085662607497225

39 Whiskey the Ruffian (level 3, -2/23 HPs)
             Began as an Octopode Shapeshifter on Nov 2, 2023.
             Slain by a gnoll
             ... wielding a +0 halberd
              (9 damage)
             ... on level 2 of the Dungeon.
             The game lasted 00:01:48 (1175 turns).

Whiskey the Ruffian (Octopode Shapeshifter)         Turns: 1175, Time: 00:01:49

Health: -2/23      AC:  1    Str: 21    XL:     3   Next: 47%
Magic:  3/3        EV: 13    Int: 12    God:
Gold:   81         SH:  0    Dex: 11    Spells: 2/2 levels left

rFire   . .          .
                       - Unarmed
rCold   . . .        (no shield)
rNeg    + . .        (helmet currently unavailable)
rPois   .            (no amulet)
rElec   .            h - ring of positive energy {rN+}
rCorr   .            r - +6 ring of strength
SInv    .            (no ring)
Will    .....        (no ring)
Stlth   ++           (no ring)
HPRegen 0.23/turn    (no ring)
MPRegen 0.08/turn    (no ring)
                     (no ring)

%: no passive effects
@: beast-form
A: beast (slay +1), almost no armour, amphibious, 8 rings, camouflage 1,
gelatinous body 1, (nimble swimmer 1), tentacles
a: Begin Untransformation


You were on level 2 of the Dungeon.
You were a hulking beast.
You visited 1 branch of the dungeon, and saw 2 of its levels.

You collected 81 gold pieces.

Inventory:

Missiles
 d - a throwing net {=f, !d}
Jewellery
 h - a ring of positive energy (left tentacle) {rN+}
   (You found it on level 1 of the Dungeon)
 m - a ring of ice {rC+, rF-}
   (You found it on level 2 of the Dungeon)
 r - a +6 ring of strength (right tentacle)
   (You found it on level 2 of the Dungeon)
Talismans
 b - a beast talisman
 c - a flux talisman
Scrolls
 f - 3 scrolls of identify {unknown}
 g - a scroll of teleportation {unknown}
 k - a scroll of torment {unknown}
 l - 2 scrolls of vulnerability {unknown}
 n - 2 scrolls of blinking {unknown}
 q - a scroll of fear {unknown}
Potions
 a - a potion of lignification {!q}
 e - a potion of magic {unknown}
 i - a potion of brilliance {unknown}
 j - a potion of resistance {unknown}
 o - 2 potions of curing {unknown}
 p - a potion of enlightenment {unknown}


   Skills:
 + Level 1.5 Fighting
 - Level 2.0 Dodging
 * Level 3.6 Unarmed Combat
 * Level 3.4 Shapeshifting


You had 2 spell levels left.
You didn't know any spells.
Your spell library contained the following spells:

 Spells                   Type           Power      Damage    Failure   Level
 Ensorcelled Hibernation  Hex/Ice        0%         N/A       45%         2
 Passwall                 Tmut/Erth      0%         N/A       45%         2
 Swiftness                Air            0%         N/A       69%         3


Dungeon Overview and Level Annotations

Branches:
Dungeon (2/15)

Altars:


Innate Abilities, Weirdness & Mutations

You are a hulking beast.
Your limbs bulge with bestial killing power. (Slay +1)
You cannot wear most types of armour.
You are amphibious.
You can wear up to eight rings at the same time.
Your skin changes colour to match your surroundings (Stealth+).
Your rubbery body absorbs attacks. (AC +1, EV +1)
((You are camouflaged when in or above water. (Stealth+)))
You have tentacles for arms and can constrict up to eight enemies at once.


Message History

You tentacle-slap the rat.
You kill the rat!
You closely miss the hobgoblin. You grab the hobgoblin.
You squeeze the hobgoblin. You constrict the hobgoblin. The hobgoblin hits you.
You take 4 damage, and have 19/23 hp.
You bludgeon the hobgoblin!
You kill the hobgoblin!
No target in view!
No target in view!
No target in view!
No target in view!
No target in view!
No target in view!
No target in view!
n - 2 scrolls labelled SYEDDIP MIMI (gained 1)
You now have 64 gold pieces (gained 9).
You see here a hobgoblin corpse.
p - a bubbling clear potion Health restored: 23 No target in view!
You see here a +0 leather armour.
You now have 77 gold pieces (gained 13).
A kobold comes into view. It is wielding a +0 short sword.
The kobold shouts!
You tentacle-slap the kobold.
You kill the kobold!
No target in view!
No target in view!
No target in view!
No target in view!
No target in view!
No target in view!
No target in view!
No target in view!
Things that are here:
a +0 short sword; a kobold corpse
Found a stone staircase leading up.
No target in view!
Things that are here:
a +0 short sword; a kobold corpse You see here a +0 leather armour.
Things that are here:
a +0 club; 2 stones; a kobold corpse
Found a stone staircase leading down.
There is a stone staircase leading down here.
A hobgoblin comes into view.
The hobgoblin shouts!
You bludgeon the hobgoblin!
You kill the hobgoblin!
No target in view!
No target in view!
No target in view!
No target in view!
No target in view!
No target in view!
No target in view!
No target in view!
No target in view!
No target in view!
No target in view!
q - a scroll labelled YDYKESY POXEP You now have 81 gold pieces (gained 4).
r - a +6 ring of strength You feel stronger.
r - a +6 ring of strength (right tentacle)
A rat comes into view.
You see here a book of Burglary.
The helpless rat fails to defend itself.
You bludgeon the rat!
You kill the rat!
No target in view!
No target in view!
No target in view!
No target in view!
No target in view!
No target in view!
No target in view!
No target in view!
You pick up a book of Burglary and begin reading...
You add the spells Passwall, Ensorcelled Hibernation and Swiftness to your library.
l - 2 scrolls labelled VAXKOCR HAACS (gained 1)
Found a stone staircase leading down. 2 gnolls come into view.
A gnoll is wielding a +0 whip.
The gnoll shouts!
You hear a shout!
You hear an angry hiss. x2
The gnoll shouts!
A gnoll and a rat come into view.
The gnoll shouts!
A ball python comes into view.
The gnoll barely misses you.
You tentacle-slap the gnoll. You grab the gnoll.
You constrict the gnoll, but do no damage.
The gnoll hits you with a +0 spear!
An adder comes into view.
You take 8 damage, and have 15/23 hp.
MASSIVE DAMAGE!!
The adder hisses angrily.
You bludgeon the gnoll!
You squeeze the gnoll, but do no damage.
You constrict the gnoll. The gnoll hits you with a +0 spear!
The gnoll hits you from afar with a +0 halberd!
You die...

......#####..###.###
......##...........#
##.#####.........#.## ##.#
#.........#..## ##.#
#.........##..# ...#
#.........###.#
########.........# #.######.
......##.........###........
#...............h......>####
#.###.##.......gg########
.......# #######.g ..#.#..#
#... .<#.# # #.... ..#.#
#S.... ..#.# #.##### ..#.#
S.# #.#..


You could see 3 gnolls, an adder and a ball python.

Vanquished Creatures
  2 dart slugs
  3 endoplasms (D:1)
  4 giant cockroaches (D:1)
  4 hobgoblins
  4 jackals (D:1)
  A quokka (D:1)
  3 ball pythons (D:1)
  A bat (D:1)
  3 frilled lizards (D:1)
  3 kobolds
  5 rats
33 creatures vanquished.

Notes
Turn   | Place    | Note
-------+----------+-------------------------------------------
     0 | D:1      | Whiskey the Octopode Shapeshifter began the quest for the
                  | Orb.
     0 | D:1      | Reached XP level 1. HP: 13/13 MP: 1/1
   237 | D:1      | Reached XP level 2. HP: 13/18 MP: 2/2
   548 | D:1      | Found a faded altar of an unknown god.
   578 | D:1      | Reached XP level 3. HP: 18/23 MP: 3/3
  1175 | D:2      | Slain by a gnoll

Illustrated notes

Levels and vault maps discovered:
D:1:      roadster_arrival_rocket_large, layout_loops_ring,
          chequers_ecumenical_altar_island, grunt_decor_junction
D:2:      layout_basic, basic_altar, minmay_misc_feat_five

Action                     || total
---------------------------++-------
  Melee: Unarmed           ||    61
         Constrict         ||    18
         Tentacles         ||    11
         Punch             ||     2
   Stab: Sleeping          ||     7
 Armour: Skin              ||    21
  Dodge: Dodged            ||    27

Table legend: (Time is in decaauts)
 A = Elapsed time spent in this place.
 B = Non-inter-level travel time spent in this place.
 C = Inter-level travel time spent in this place.
 D = Time resting spent in this place.
 E = Time spent auto-exploring this place.
 F = Levels seen in this place.
 G = Mean time per level.
                   A        B        C        D        E       F      G
               +--------+--------+--------+--------+--------+-----+--------+
         Total |   1169 |   1131 |     38 |      0 |    959 |   2 |  584.5 |
       Dungeon |   1169 |   1131 |     38 |      0 |    959 |   2 |  584.5 |
               +--------+--------+--------+--------+--------+-----+--------+

Top non-repeatable levels by time:
     D:1: 878 daAuts
     D:2: 291 daAuts

Levels and vault maps discovered:
D:1:      roadster_arrival_rocket_large, layout_loops_ring,
          chequers_ecumenical_altar_island, grunt_decor_junction
D:2:      layout_basic, basic_altar, minmay_misc_feat_five

Table legend: (Time is in decaauts)
 A = Elapsed time spent in this place.
 B = Non-inter-level travel time spent in this place.
 C = Inter-level travel time spent in this place.
 D = Time resting spent in this place.
 E = Time spent auto-exploring this place.
 F = Levels seen in this place.
 G = Mean time per level.
                   A        B        C        D        E       F      G
               +--------+--------+--------+--------+--------+-----+--------+
         Total |   1169 |   1131 |     38 |      0 |    959 |   2 |  584.5 |
       Dungeon |   1169 |   1131 |     38 |      0 |    959 |   2 |  584.5 |
               +--------+--------+--------+--------+--------+-----+--------+

Top non-repeatable levels by time:
     D:1: 878 daAuts
     D:2: 291 daAuts

Table legend:
 A = Kills in this place as a percentage of kills in the entire game.
 B = Kills by you in this place as a percentage of kills by you in the entire game.
 C = Kills by friends in this place as a percentage of kills by friends in the entire game.
 D = Other kills in this place as a percentage of other kills in the entire game.
 E = Experience gained in this place as a percentage of experience gained in the entire game.
 F = Experience gained in this place divided by the number of levels of this place that you have seen.
                   A       B       C       D       E      F
               +-------+-------+-------+-------+-------+----------------------
         Total | 100.0 | 100.0 |   N/A |   N/A | 100.0 |  28.5
       Dungeon | 100.0 | 100.0 |   N/A |   N/A | 100.0 |  28.5
               +-------+-------+-------+-------+-------+----------------------
